 Dungeon Crawl Stone Soup version 0.27.1-34-g3ba077fa99 (webtiles) character file.

Game seed: 10847918585050200816

2683 MisterFreud the Nimble (level 9, 0/71 HPs)
             Began as a Red Draconian Transmuter on Jan 2, 2022.
             Was an Elder of Fedhas.
             Splashed by an acid dragon's acid (16 damage)
             ... on level 8 of the Dungeon.
             The game lasted 00:13:29 (6977 turns).

MisterFreud the Nimble (Red Draconian Transmuter)   Turns: 6977, Time: 00:13:30

Health: 0/71       AC:  1    Str: 12    XL:     9   Next: 37%
Magic:  13/13      EV: 22    Int: 14    God:    Fedhas [****..]
Gold:   192        SH:  0    Dex: 21    Spells: 10/14 levels left

rFire    + . .     SeeInvis .     - Unarmed
rCold    . . .     Faith    .   (no shield)
rNeg     . . .     Spirit   .   (armour unavailable)
rPois    .         Reflect  .   (helmet restricted)
rElec    .         Harm     .   y - +0 cloak
rCorr    .         Rampage  .   H - +0 pair of gloves
Will     .....                  (no boots)
Stlth    ++........             C - amulet of magic regeneration
HPRegen  0.21/turn              a - +4 ring of evasion
MPRegen  0.38/turn              m - +6 ring of dexterity

@: corroded
A: breathe fire, AC +7, unfitting armour, fire resistance 1, cold-blooded
a: Breathe Fire, Renounce Religion, Wall of Briars, Grow Ballistomycete,
Overgrow


You were on level 8 of the Dungeon.
You worshipped Fedhas.
Fedhas was greatly pleased with you.
You visited 1 branch of the dungeon, and saw 8 of its levels.
You also visited: Sewer.

You collected 313 gold pieces.
You spent 121 gold pieces at shops.

Inventory:

Missiles
 r - 14 poisoned darts
 w - 5 boomerangs
 I - 7 javelins
Armour
 y - a +0 cloak (worn)
 H - a +0 pair of gloves (worn)
Jewellery
 a - a +4 ring of evasion (left hand)
 l - a ring of ice
 m - a +6 ring of dexterity (right hand)
 x - a ring of ice
 C - an amulet of magic regeneration (around neck)
Wands
 u - a wand of polymorph (6)
 F - a wand of acid (7)
 G - a wand of charming (9)
Scrolls
 e - 5 scrolls of identify {unknown}
 f - 2 scrolls of blinking {unknown}
 g - a scroll of fear {unknown}
 h - 3 scrolls of vulnerability {unknown}
 i - a scroll of holy word {unknown}
 j - a scroll of torment {unknown}
 n - a scroll of enchant armour {unknown}
 o - 3 scrolls of fog {unknown}
 p - 2 scrolls of magic mapping {unknown}
 q - 4 scrolls of teleportation {unknown}
 v - a scroll of amnesia {unknown}
 E - a scroll of silence {unknown}
Potions
 b - a potion of berserk rage {unknown}
 c - 5 potions of haste {unknown}
 d - a potion of resistance {unknown}
 k - a potion of mutation {unknown}
 s - 3 potions of flight
 t - 3 potions of heal wounds
 z - 2 potions of invisibility {unknown}
 A - a potion of curing {unknown}
 B - 2 potions of degeneration {unknown}
 D - a potion of lignification {unknown}


   Skills:
 - Level 4.0 Fighting
 - Level 8.0 Dodging
 + Level 7.2 Unarmed Combat
 - Level 3.0 Spellcasting
 - Level 5.0 Transmutations
 - Level 3.0 Poison Magic


You had 10 spell levels left.
You knew the following spells:

 Your Spells              Type           Power      Damage    Failure   Level
a - Beastly Appendage     Tmut           32%        N/A       2%          1
b - Spider Form           Tmut/Pois      6%         N/A       12%         3

Your spell library contained the following spells:

 Spells                   Type           Power      Damage    Failure   Level
 Wereblood                Tmut           16%        N/A       4%          2
 Passwall                 Tmut/Erth      7%         N/A       12%         2
 Foxfire                  Conj/Fire      8%         2x1d4     22%         1
 Magic Dart               Conj           8%         1d3       22%         1
 Summon Small Mammal      Summ           8%         N/A       22%         1
 Searing Ray              Conj           4%         3d3       32%         2
 Call Canine Familiar     Summ           2%         N/A       54%         3
 Conjure Flame            Conj/Fire      2%         6-21      54%         3
 Inner Flame              Hex/Fire       2%         N/A       54%         3
 Summon Guardian Golem    Hex/Summ       2%         N/A       54%         3
 Swiftness                Air            2%         N/A       54%         3
 Ice Form                 Ice/Tmut       9%         N/A       58%         4
 Fulminant Prism          Conj/Hex       1%         3d6       91%         4
 Invisibility             Hex            1%         N/A       100%        6


Dungeon Overview and Level Annotations

Branches:
Dungeon (8/15)             Temple (0/1) D:6           Sewer (visited)
   Lair: D:8-11

Altars:
Fedhas
Yredelemnul

Shops:
D:1 !   D:5 *(

Annotations:
D:3 1 runed translucent door, vvlvvlvvl's ghost, amateur DrTm
D:6 2 transporters, dragonscale333's ghost, novice DjFE


Innate Abilities, Weirdness & Mutations

You can breathe blasts of fire.
Your fiery red scales are hard. (AC +7)
You cannot fit into any form of body armour.
Your flesh is heat resistant. (rF+)
You are cold-blooded and may be slowed by cold attacks.


Message History

The centaur completely misses you. x2
You hit the centaur.
The centaur is moderately wounded.
The centaur barely misses you. The centaur completely misses you.
The acid dragon spits acid at you. The splash of acid hits you.
The acid corrodes you!
You are splashed with acid!
You hear a roar!
You hit the centaur but do no damage.
The centaur is moderately wounded.
The centaur misses you. The centaur closely misses you.
The centaur completely misses you. The centaur misses you.
You barely miss the centaur.
Your tail-slap misses the centaur.
The centaur is moderately wounded.
The centaur completely misses you. The centaur closely misses you.
You barely miss the centaur.
You tail-slap the centaur, but do no damage.
The centaur is moderately wounded.
The centaur misses you. The centaur closely misses you.
An acid dragon comes into view.
You hit the centaur.
The centaur is heavily wounded.
The centaur misses you. x2
Press: ? - help, Shift-Dir - straight line, f - centaur
Aim: a centaur, quivering arrows (heavily wounded)
Okay, then.
The centaur wields a +0 shortbow.
The centaur shoots an arrow.
The arrow hits you.
The centaur shoots an arrow.
The arrow misses you. The acid dragon spits acid at you.
The splash of acid hits you! The acid corrodes you!
You are splashed with acid!
* * * LOW HITPOINT WARNING * * *
An ice beast comes into view.
The centaur shoots an arrow.
The arrow misses you.
The centaur shoots an arrow.
The arrow completely misses you.
The centaur shoots an arrow.
The arrow misses you. The acid dragon spits acid at you.
The splash of acid hits you.
* * * LOW HITPOINT WARNING * * *
The acid corrodes you!
You are splashed with acid!
You die...
Fedhas appreciates your contribution to the ecosystem.

.# .#. .##....
##########....... .
#................
..#................
...................
#..........)......
#..../@...c.......
##....DD..........
#................
#....!...###......
#...Y...... ......
#........... ##..#
#............ ..
.........!.### .
..........#


You could see 2 acid dragons, an ice beast and a centaur.

Vanquished Creatures
  Sigmund (D:5)
  A wraith (D:6)
  A vampire mosquito (D:6)
  An acid dragon (D:6)
  Duvessa (D:5)
  A hornet zombie (D:7)
  A sky beast (D:7)
  An ogre (D:7)
  A necrophage (D:5)
  A centaur (D:6)
  2 phantoms (D:6)
  A kobold brigand (Sewer)
  2 bullfrogs (D:6)
  Dowan (D:5)
  2 water moccasin zombies (D:7)
  2 scorpions (D:6)
  A wyvern skeleton (D:6)
  2 howler monkeys
  2 bullfrog zombies
  3 centaur zombies
  3 hounds
  5 jellies
  A centaur skeleton (D:6)
  Crazy Yiuf (D:5)
  3 iguanas
  3 orc wizards
  A killer bee zombie (D:7)
  A hound zombie (D:5)
  4 gnolls
  5 adders
  2 river rats (Sewer)
  A shadow imp (D:5)
  A white imp (D:6)
  An adder skeleton (D:4)
  2 worms (D:2)
  2 dart slugs
  14 orcs
  5 ball pythons
  9 endoplasms
  7 giant cockroaches
  3 goblins (D:1)
  5 hobgoblins
  12 jackals
  11 kobolds
  7 quokkas
  3 bats
  4 frilled lizards
  4 rats
  A spectral kobold (D:1)
149 creatures vanquished.

Notes
Turn   | Place    | Note
-------+----------+-------------------------------------------
     0 | D:1      | MisterFreud the Draconian Transmuter began the quest for
                  | the Orb.
     0 | D:1      | Reached XP level 1. HP: 16/16 MP: 3/3
    85 | D:1      | Reached XP level 2. HP: 14/23 MP: 3/5
   711 | D:1      | Found Imin's Distillery.
   778 | D:1      | Found a faded altar of an unknown god.
   856 | D:1      | Became a worshipper of Fedhas Madash
   856 | D:1      | Reached * piety under Fedhas
  1068 | D:1      | Reached XP level 3. HP: 28/28 MP: 5/7
  1748 | D:2      | Reached ** piety under Fedhas
  1829 | D:2      | Learned a level 3 spell: Spider Form
  1992 | D:3      | Reached XP level 4. HP: 35/35 MP: 4/8
  2026 | D:3      | Found a runed translucent door.
  2566 | D:3      | Noticed vvlvvlvvl's ghost (amateur DrTm)
  2747 | D:4      | Reached XP level 5. HP: 38/40 MP: 5/9
  2758 | D:4      | Reached skill level 5 in Transmutations
  2905 | D:4      | Found a glowing drain.
  2923 | Sewer    | Entered a sewer
  3044 | Sewer    | Reached XP level 6. HP: 41/47 MP: 4/10
  3136 | Sewer    | Found a white marble altar of Elyvilon.
  3497 | D:4      | Reached *** piety under Fedhas
  3692 | D:5      | Entered Level 5 of the Dungeon
  3732 | D:5      | Reached skill level 5 in Unarmed Combat
  3809 | D:5      | Noticed Duvessa
  3823 | D:5      | Reached skill level 2 in Dodging
  4008 | D:5      | Reached skill level 3 in Dodging
  4110 | D:5      | Found a runed translucent door.
  4111 | D:5      | Noticed Crazy Yiuf
  4204 | D:5      | Found Keoro's Antique Weapon Emporium.
  4236 | D:5      | Found Noasu Gil's Assorted Antiques.
  4250 | D:5      | Bought a scroll labelled ATIRU ONOEL for 26 gold pieces
  4250 | D:5      | Bought 2 grey potions for 46 gold pieces
  4250 | D:5      | Bought a scroll labelled UPPOOGG GYSARI for 26 gold pieces
  4250 | D:5      | Bought a purple potion for 23 gold pieces
  4325 | D:5      | Noticed Dowan
  4337 | D:5      | Killed Duvessa
  4338 | D:5      | Reached skill level 4 in Dodging
  4338 | D:5      | Your scales start taking on a fiery red colour.
  4338 | D:5      | Reached XP level 7. HP: 52/52 MP: 5/11
  4338 | D:5      | Gained mutation: Your flesh is heat resistant. (rF+) [Red
                  | Draconian growth]
  4342 | D:5      | Killed Dowan
  4439 | D:5      | Noticed Sigmund
  4447 | D:5      | Killed Sigmund
  4448 | D:5      | Reached skill level 5 in Dodging
  4711 | D:5      | Killed Crazy Yiuf
  4829 | D:6      | Reached skill level 6 in Dodging
  4879 | D:6      | Reached XP level 8. HP: 59/59 MP: 12/12
  5094 | D:6      | Reached skill level 7 in Dodging
  5293 | D:6      | Found a transporter.
  5300 | D:6      | Found a staircase to the Ecumenical Temple.
  5475 | D:6      | Reached skill level 8 in Dodging
  5549 | D:6      | Reached skill level 1 in Poison Magic
  5727 | D:6      | Reached XP level 9. HP: 64/71 MP: 13/13
  5787 | D:6      | Reached **** piety under Fedhas
  5942 | D:6      | Found a transporter.
  5943 | D:6      | Noticed dragonscale333's ghost (novice DjFE)
  6350 | D:7      | Found a basalt altar of Yredelemnul.
  6977 | D:8      | Splashed by an acid dragon's acid

Illustrated notes

Levels and vault maps discovered:
D:1:      minmay_arrival_open_corners, layout_basic,
          dreamdust_ecumenical_altar_drowned_temple, serial_shops,
          nicolae_shop_stone
D:2:      layout_rooms
D:3:      layout_basic, ebering_ghost_reflecting_pool
D:4:      layout_cave_pools, gup_sewer_entry_pipe
D:5:      layout_basic, serial_shops, nicolae_shop_crystal, shop, uniq_sigmund,
          uniq_crazy_yiuf_cottage, uniq_duvessa
D:6:      layout_loops_cross, minmay_temple_entry_mist,
          gammafunk_ghost_mausoleum, minmay_misc_feat_cross, kb_rosetta
D:7:      layout_rooms, nicolae_yredelemnul_corpse_copse, hangedman_decor_push
D:8:      layout_rooms

Skill      XL: |  1  2  3  4  5  6  7  8  9 |
---------------+----------------------------+-----
Transmutations | 3 4 5 |  5.0
Spellcasting   | 3 |  3.0
Unarmed Combat | 4 5 7 |  7.2
Dodging        | 4 6 8 |  8.0
Fighting       | 4 |  4.0
Poison Magic   | 2 3 |  3.0

Action                   |  1- 3 |  4- 6 |  7- 9 || total
-------------------------+-------+-------+-------++-------
Melee: Unarmed           |   119 |   174 |   202 ||   495
       Kick              |    17 |    12 |     7 ||    36
       Headbutt          |    10 |     7 |     5 ||    22
       Tailslap          |     6 |     8 |    23 ||    37
       Punch             |     1 |     2 |     8 ||    11
 Cast: Beastly Appendage |    32 |    11 |     6 ||    49
       Spider Form       |     1 |    11 |    11 ||    23
 Abil: Breathe Fire      |       |       |    26 ||    26
 Stab: Sleeping          |     1 |     2 |       ||     3
       Distracted        |       |     1 |       ||     1
Armor: Skin              |    19 |    26 |    21 ||    66
Dodge: Dodged            |    77 |   160 |   224 ||   461
